 Dungeon Crawl Stone Soup version 0.31.0-11-ge490571c62 (webtiles) character file.

Game seed: 14970339747008814797

8 ezpacito the Trooper (level 2, 24/24 HPs)
             Began as a Demonspawn Berserker on Feb 8, 2024.
             Was a Follower of Trog.
             Quit the game on level 1 of the Dungeon.
             The game lasted 00:00:19 (394 turns).

ezpacito the Trooper (Demonspawn Berserker)          Turns: 394, Time: 00:00:20

Health: 24/24      AC:  8    Str: 17    XL:     2   Next: 0%
Magic:  2/2        EV:  8    Int:  7    God:    Trog [*.....]
Gold:   26         SH:  0    Dex: 12    Spells: 1/1 levels left

rFire   . . .        a - +0 hand axe
rCold   . . .        (no shield)
rNeg    . . .        e - +0 chain mail
rPois   .            (helmet restricted)
rElec   .            (no cloak)
rCorr   .            (no gloves)
SInv    .            (no boots)
Will    .....        (no amulet) Stlth
                     (no ring)
HPRegen 0.24/turn    (no ring)
MPRegen 0.08/turn

%: no passive effects
@: no status effects
A: antennae 1
a: Renounce Religion, Berserk


You were on level 1 of the Dungeon.
You worshipped Trog.
Trog was aware of your devotion.
You visited 1 branch of the dungeon, and saw 1 of its levels.

You collected 26 gold pieces.

Inventory:

Hand Weapons
 a - a +0 hand axe (weapon)
Armour
 e - a +0 chain mail (worn)
Scrolls
 c - a scroll of teleportation {unknown}
 d - a scroll of vulnerability {unknown}
 f - a scroll of identify {unknown}
Potions
 b - a potion of resistance {unknown}
 g - 2 potions of attraction {unknown}


   Skills:
 * Level 3.1 Fighting
 * Level 2.9 Axes
 * Level 1.8 Armour
 * Level 1.8 Dodging
 * Level 0.2 Stealth
 * Level 0.1 Unarmed Combat


You had one spell level left.
You didn't know any spells.
Your spell library was empty.

Dungeon Overview and Level Annotations

Branches:
Dungeon (1/15)

Altars:


Innate Abilities, Weirdness & Mutations

You have a pair of small antennae on your head.


Message History

You now have 16 gold pieces (gained 5).
You now have 26 gold pieces (gained 10).
g - 2 white potions No target in view!
Found a stone staircase leading down.
A quokka comes into view.
The quokka barely misses you.
A quokka is nearby!
You closely miss the quokka.
The quokka bites you but does no damage.
You barely miss the quokka. The quokka barely misses you.
The quokka bites you but does no damage.
You hit the quokka.
You kill the quokka!
Trog accepts your kill.
No target in view!
No target in view!
No target in view!
No target in view!
No target in view!
No target in view!
No target in view!
No target in view!
No target in view!
No target in view!
A dart slug comes into view.
A dart slug is nearby!
A dart slug is nearby!
You hit the dart slug.
The dart slug is moderately wounded.
The dart slug bites you but does no damage.
You slash the dart slug!
You kill the dart slug!
Trog accepts your kill.
You have reached level 2!
Your demonic ancestry asserts itself...
A pair of antennae grows on your head!
You see here a dart slug corpse.
You sense a monster nearby.
Are you sure you want to abandon this character and quit the game? (Confirm with "yes".)

..##..#.##.#..............#
........##.##########.#.#.#
........##+######
#.#.#.#######
................#
#.#.#.......#
................#
#.#.#.#####.#
................## #.#.#.#
#.# +########.........{
#.#.#######.#
#.#########.#.#.##......#
#...#...@...#.#.##.###### #
######.#.#.#######.#.##.#
.###.#.#....#.#.......#.##.#
#.#.#.#.#.#.#.#.#######.##.#
##<######.#.#>.............#
#.#.## #........######.####
.###.# #.#........##.#.####
###.## #........#.##..†...#
##.# #.............#.##.#


There were no monsters in sight!

Vanquished Creatures
  A dart slug (D:1)
  2 ball pythons (D:1)
  2 goblins (D:1)
  A quokka (D:1)
6 creatures vanquished.

Notes
Turn   | Place    | Note
-------+----------+-------------------------------------------
     0 | D:1      | ezpacito the Demonspawn Berserker began the quest for the
                  | Orb.
     0 | D:1      | Reached XP level 1. HP: 18/18 MP: 1/1
   330 | D:1      | Gained mutation: You have a pair of small antennae on your
                  | head. [demonic ancestry]
   330 | D:1      | Reached XP level 2. HP: 24/24 MP: 2/2
   394 | D:1      | Quit the game

Illustrated notes

Levels and vault maps discovered:
D:1:      reono_arrival_mine, layout_basic

Action                     || total
---------------------------++-------
  Melee: Hand axe          ||    16
 Armour: Chain mail        ||    10
  Dodge: Dodged            ||     7
